 Dungeon Crawl Stone Soup version 0.27-a0-417-g317cea8a3c (webtiles) character file.

Game seed: 4947642599794392365

9 kniiight the Sneak (level 2, 0/13 HPs)
             Began as a Spriggan Enchanter on Feb 25, 2021.
             Slain by a gnoll
             ... wielding a +0 flail
              (13 damage)
             ... on level 1 of the Dungeon.
             The game lasted 00:00:55 (744 turns).

kniiight the Sneak (Spriggan Enchanter)              Turns: 744, Time: 00:00:55

Health: 0/13       AC:  2    Str:  4    XL:     2   Next: 3%
Magic:  7/7        EV: 17    Int: 16    God:
Gold:   44         SH:  0    Dex: 15    Spells: 4/7 levels left

rFire    . . .     SeeInvis +   a - +1 dagger
rCold    . . .     Faith    .   (shield restricted)
rNeg     . . .     Spirit   .   b - +0 robe
rPois    .         Reflect  .   (helmet restricted)
rElec    .         Harm     .   (no cloak)
rCorr    .         Rampage  .   (gloves unavailable)
Will     .....                  (boots unavailable)
Stlth    +++.......             (no amulet)
HPRegen  0.04/turn              (no ring)
MPRegen  0.10/turn              (no ring)

@: very quick
A: very small, unfitting armour, see invisible, speed 3
a: no special abilities


You were on level 1 of the Dungeon.
You visited 1 branch of the dungeon, and saw 2 of its levels.

You collected 44 gold pieces.

Inventory:

Hand Weapons
 a - a +1 dagger (weapon)
Armour
 b - a +0 robe (worn)
Scrolls
 c - a scroll of magic mapping {unknown}


   Skills:
 + Level 1.1 Short Blades
 + Level 2.7 Dodging
 + Level 4.8 Stealth
 + Level 3.0 Spellcasting
 + Level 3.9 Hexes


You had 4 spell levels left.
You knew the following spells:

 Your Spells              Type           Power        Failure   Level
a - Corona                Hex            15%          3%          1
b - Ensorcelled Hibernat  Hex/Ice        16%          13%         2

Your spell library contained the following spells:

 Spells                   Type           Power        Failure   Level
 Confusing Touch          Hex            14%          12%         3
 Tukima's Dance           Hex            14%          12%         3
 Dazzling Flash           Conj/Hex       16%          26%         3


Dungeon Overview and Level Annotations

Branches:
Dungeon (2/15)

Altars:


Innate Abilities, Weirdness & Mutations

You are very small and have problems with some larger weapons.
You are too small for most types of armour.
You have supernaturally acute eyesight. (SInv)
You cover ground extremely quickly.


Message History

You climb downwards.
There is a stone staircase leading up here.
You start resting.
HP restored.
You climb upwards.
The hobgoblin closely misses you.
There is a stone staircase leading down here.
You hit the hobgoblin.
The hobgoblin is heavily wounded.
The hobgoblin barely misses you.
You hit the hobgoblin.
You kill the hobgoblin!
You have reached level 2!
Memorise Ensorcelled Hibernation, consuming 2 spell levels and leaving 4?
You start memorising the spell.
You continue memorising. x2
You finish memorising.
Spell assigned to 'b'.
You now have 21 gold pieces (gained 5).
You see here a +0 club.
Things that are here:
a +0 club; a hobgoblin skeleton
Found a ring mail.
You see here a +0 ring mail.
Found 13 stones.
A hobgoblin comes into view. It is wielding a +0 club.
The hobgoblin moves out of view.
You now have 34 gold pieces (gained 13).
A hobgoblin is nearby!
No target in view!
No target in view!
No target in view!
A hobgoblin is nearby!
No target in view!
No target in view!
You now have 44 gold pieces (gained 10).
A gnoll opens the door.
It is wielding a +0 flail.
You see here a scroll labelled CUOTSI XAGAPH.
There is an open door here.
The gnoll shouts!
You hit the gnoll but do no damage. The gnoll hits you with a +0 flail!
Ouch! That really hurt!
You die...

+......<..###....
#....#..####.### ##.# ##....#.#
#.# #.# .#.....#.# .## ##.
.......#.# .# # #......#.# .#
##. .......#.#.# # #.# .?
#....#g)####.## ###.#
..##.##.@.........###....
#.##.##?##.####. #.#.##.#
#.##.##.# .# #.###)# #.......#
.# #.#.##.# ##.......### .#
#.###.#.# #..........#
#...#####... #######..........#
#.........#
#................#####'#######'#
#...................>...........


You could see a gnoll.

Vanquished Creatures
  A goblin (D:1)
  3 hobgoblins (D:1)
  3 frilled lizards (D:1)
  A kobold (D:1)
  A rat (D:1)
9 creatures vanquished.

Notes
Turn   | Place    | Note
-------+----------+-------------------------------------------
     0 | D:1      | kniiight the Spriggan Enchanter began the quest for the
                  | Orb.
     0 | D:1      | Reached XP level 1. HP: 9/9 MP: 5/5
   654 | D:1      | Reached XP level 2. HP: 13/13 MP: 7/7
   657 | D:1      | Learned a level 2 spell: Ensorcelled Hibernation
   744 | D:1      | Slain by a gnoll

Illustrated notes

Levels and vault maps discovered:
D:1:      roderic_octagonal_star, layout_rooms, serial_curves, eino_curves_01,
          eino_curves_04, eino_curves_03, eino_curves_03
D:2:      layout_loops_corners, nicolae_overflow_hidden_temple, st_stairs_13,
          kennysheep_nub

Skill      XL: |  1 |
---------------+----+-----
Spellcasting   | 3 |  3.0
Short Blades   | |  1.1
Dodging        | |  2.7
Stealth        | |  4.8
Hexes          | |  3.9

Action                   || total
-------------------------++-------
Melee: Dagger            ||    31
 Stab: Sleeping          ||     2
Armor: Robe              ||     2
Dodge: Dodged            ||    16

Table legend: (Time is in decaauts)
 A = Elapsed time spent in this place.
 B = Non-inter-level travel time spent in this place.
 C = Inter-level travel time spent in this place.
 D = Time resting spent in this place.
 E = Time spent auto-exploring this place.
 F = Levels seen in this place.
 G = Mean time per level.
                   A        B        C        D        E       F      G
               +--------+--------+--------+--------+--------+-----+--------+
         Total |    662 |    662 |      0 |    488 |     86 |   2 |  331.0 |
       Dungeon |    662 |    662 |      0 |    488 |     86 |   2 |  331.0 |
               +--------+--------+--------+--------+--------+-----+--------+

Top non-repeatable levels by time:
     D:2: 439 daAuts
     D:1: 223 daAuts
